 Dungeon Crawl Stone Soup version 0.21.0-3-g78d12a8 (webtiles) character file.

446 Suckerboh the Slicer (level 7, -1/40 HPs)
             Began as a Kobold Assassin on Jan 15, 2018.
             Killed from afar by an orc wizard (10 damage)
             ... with a puff of frost
             ... on level 6 of the Dungeon.
             The game lasted 00:07:12 (4149 turns).

Suckerboh the Slicer (Kobold Assassin)              Turns: 4149, Time: 00:07:14

Health: -1/40      AC:  3    Str: 11    XL:     7   Next: 24%
Magic:  16/16      EV: 14    Int: 12    God:
Gold:   280        SH:  0    Dex: 19    Spells: 6/6 levels left

rFire    . . .     SeeInvis .   b - +0 blowgun
rCold    . . .     Gourm    .   (shield restricted)
rNeg     . . .     Faith    .   p - -1 robe (curse)
rPois    .         Spirit   .   E - +0 helmet
rElec    .         Reflect  .   d - +0 cloak
rCorr    .         Harm     .   (no gloves)
MR       .....                  (no boots)
Stlth    +++.......             n - amulet of regeneration
HPRegen  0.53/turn              k - +3 ring of strength
MPRegen  0.15/turn              u - ring of magical power (curse)

@: no status effects
A: small, carnivore
a: no special abilities


You were on level 6 of the Dungeon.
You were not hungry.

You visited 1 branch of the dungeon, and saw 6 of its levels.

You collected 280 gold pieces.

Inventory:

Hand Weapons
 a - a +2 dagger
 b - a +0 blowgun (weapon)
Missiles
 e - 18 poisoned needles (quivered)
Armour
 c - a +0 robe
 d - a +0 cloak (worn)
 p - a cursed -1 robe (worn)
 q - a +4 ring mail
 E - a +0 helmet (worn)
Jewellery
 k - a +3 ring of strength (left hand)
 n - an amulet of regeneration (around neck)
 r - an uncursed ring of positive energy {unknown}
 u - a cursed ring of magical power (right hand)
 G - an uncursed ring of fire
Wands
 x - a wand of random effects (16)
 D - a wand of digging (7)
Scrolls
 h - 2 scrolls of blinking {unknown}
 i - 9 scrolls of identify {unknown}
 l - a scroll of fog {unknown}
 s - a scroll of enchant weapon {unknown}
 v - a scroll of immolation {unknown}
 y - 2 scrolls of teleportation {unknown}
 A - a scroll of enchant armour {unknown}
 B - a scroll of remove curse {unknown}
 I - a scroll of noise {unknown}
Potions
 j - 2 potions of agility {unknown}
 m - a potion of lignification {unknown}
 o - a potion of curing
 t - a potion of flight {unknown}
 z - a potion of brilliance {unknown}
 C - a potion of invisibility {unknown}
 F - a potion of experience {unknown}
 H - a potion of might {unknown}
 J - a potion of haste {unknown}
Books
 w - a book of Misfortune

   Spells                             Type                      Level
   a - Confusing Touch                Hexes                        1
   b - Confuse                        Hexes                        3
   c - Gell's Gravitas                Translocation                3
   d - Petrify                        Transmutation/Earth          4
   e - Metabolic Englaciation         Hexes/Ice                    5
   f - Yara's Violent Unravelling     Hexes/Transmutation          5
Comestibles
 g - 14 rations


   Skills:
 + Level 2.2 Fighting
 * Level 9.5 Short Blades
 - Level 2.1 Throwing
 + Level 1.2 Dodging
 * Level 5.4 Stealth


You had 6 spell levels left.
You didn't know any spells.

Dungeon Overview and Level Annotations

Branches:
Dungeon (6/15)
 Temple: D:4-7

Altars:
Ashenzari
Gozag
Hepliaklqana
Okawaru
Qazlal
Vehumet
The Shining One


Innate Abilities, Weirdness & Mutations

You are small and have problems with some larger weapons.
You are carnivorous and can eat meat at any time.


Message History

You shoot a poisoned needle.
The poisoned needle closely misses the orc.
Something barely misses you.
Firing (i - inventory):
e - 19 poisoned needles (quivered)
Press: ? - help, Shift-Dir - straight line, f/p - orc
Aim: an orc, wielding a mace You shoot a poisoned needle.
You hear some strange, mumbled words.
A puff of frost appears from out of thin air!
The puff of frost hits you!
* * * LOW HITPOINT WARNING * * *
You feel better. Something hits you!
* * * LOW HITPOINT WARNING * * *
Something hits you.
* * * LOW HITPOINT WARNING * * *
You feel better.
You hear some strange, mumbled words.
A puff of frost appears from out of thin air!
The puff of frost hits you!
You die...

##. #.. #.# #.#
#.# #.# # #.# #.
#.#######
###.##((o{@..#
#.....######.#
....###.#### #.# .
#....# #.# #.##o#
#.# ...##(###.##
######o##...## #
#.######o#.....#.#
#................#


You could see an orc.

Vanquished Creatures
  Edmund (D:4)
  An ogre (D:4)
  A howler monkey (D:4)
  Jessica (D:2)
  Terence (D:3)
  A worker ant (D:6)
  Robin (D:4)
  An adder (D:6)
  An ooze (D:4)
  2 worms
  2 dart slugs (D:1)
  8 leopard geckos
  11 orcs
  2 giant cockroaches
  7 hobgoblins
  7 jackals (D:3)
  9 kobolds
  2 quokkas (D:6)
  3 ball pythons
  3 bats
  7 frilled lizards
  13 goblins
  7 rats
92 creatures vanquished.

Notes
Turn   | Place    | Note
-------+----------+-------------------------------------------
     0 | D:1      | Suckerboh the Kobold Assassin began the quest for the Orb.
     0 | D:1      | Reached XP level 1. HP: 12/12 MP: 1/1
    85 | D:1      | Reached skill level 3 in Short Blades
   211 | D:1      | Reached XP level 2. HP: 17/17 MP: 2/2
   515 | D:1      | Reached skill level 4 in Short Blades
   728 | D:1      | Reached XP level 3. HP: 14/21 MP: 3/3
   964 | D:2      | Found a shattered altar of Ashenzari.
  1191 | D:2      | Noticed Jessica
  1206 | D:2      | Killed Jessica
  1206 | D:2      | Reached skill level 5 in Short Blades
  1206 | D:2      | Reached XP level 4. HP: 18/26 MP: 4/4
  1708 | D:3      | Noticed Terence
  1714 | D:3      | Reached skill level 6 in Short Blades
  1723 | D:3      | Killed Terence
  1723 | D:3      | Reached XP level 5. HP: 29/30 MP: 5/5
  1973 | D:3      | Found a shattered altar of Ashenzari.
  2116 | D:3      | Noticed a phantom
  2197 | D:3      | Reached skill level 7 in Short Blades
  2601 | D:4      | Found an opulent altar of Gozag.
  2627 | D:4      | Found a radiant altar of Vehumet.
  2628 | D:4      | Found a hazy altar of Hepliaklqana.
  2644 | D:4      | Found an iron altar of Okawaru.
  2644 | D:4      | Found a glowing golden altar of the Shining One.
  2645 | D:4      | Found a stormy altar of Qazlal.
  2837 | D:4      | Noticed Robin
  2920 | D:4      | Reached XP level 6. HP: 32/35 MP: 6/6
  2948 | D:4      | Killed Robin
  3144 | D:4      | Noticed an ogre
  3180 | D:4      | Killed an ogre
  3180 | D:4      | Reached skill level 8 in Short Blades
  3319 | D:4      | Noticed Edmund
  3349 | D:4      | Killed Edmund
  3349 | D:4      | Reached skill level 9 in Short Blades
  3349 | D:4      | Reached XP level 7. HP: 40/40 MP: 7/7
  3742 | D:5      | Entered Level 5 of the Dungeon
  4148 | D:6      | HP: 1/40 [something (2)]
  4149 | D:6      | Killed from afar by an orc wizard

Skill      XL: |  1  2  3  4  5  6 |
---------------+-------------------+-----
Short Blades   | 3 4 5 6 7 9 |  9.5
Fighting       | |  2.2
Throwing       | |  2.1
Dodging        | |  1.2
Stealth        | |  5.4

Action                   |  1- 3 |  4- 6 |  7- 9 || total
-------------------------+-------+-------+-------++-------
Melee: Dagger            |   106 |   149 |    32 ||   287
 Fire: Blowgun           |     6 |    33 |    17 ||    56
  Use: Potion            |       |       |     4 ||     4
 Stab: Sleeping          |     7 |     9 |     4 ||    20
       Distracted        |       |     1 |       ||     1
  Eat: Chunk             |     2 |     5 |     4 ||    11
Armor: Robe              |     8 |    16 |     5 ||    29
Dodge: Dodged            |    64 |    78 |    20 ||   162
